 Dungeon Crawl Stone Soup version 0.25-a0-251-g572059c (webtiles) character file.

Game seed: 1014369274655497977, levelgen mode: deterministic

14000 GodTekkless the Carver (level 11, -1/95 HPs)
             Began as a Minotaur Fighter on Dec 4, 2019.
             Was a High Priest of Okawaru.
             Slain by an unseen horror (8 damage)
             ... on level 11 of the Dungeon.
             The game lasted 00:35:36 (9294 turns).

GodTekkless the Carver (Minotaur Fighter)           Turns: 9294, Time: 00:35:36

Health: -1/95      AC: 11    Str: 29    XL:     11   Next: 83%
Magic:  10/10      EV: 17    Int:  5    God:    Okawaru [*****.]
Gold:   782        SH:  2    Dex: 17    Spells: 10/10 levels left

rFire    + + +     SeeInvis .   u - +9 great sword "Beetlebane" {vamp, rN+ Dex+7 Stlth-}
rCold    x x .     Gourm    .   (shield currently unavailable)
rNeg     + . .     Faith    .   t - +0 ring mail of Vamod {rElec rF++ rC- Regen+}
rPois    .         Spirit   .   (helmet restricted)
rElec    +         Reflect  +   G - +2 cloak
rCorr    .         Harm     .   q - +0 pair of gloves
MR       .....                  (no boots)
Stlth    ..........             J - +2 amulet of reflection
HPRegen  0.65/turn              l - +5 ring of strength
MPRegen  0.12/turn              I - ring of fire

@: no status effects
A: retaliatory headbutt, horns 2
a: Heroism, Finesse, Renounce Religion


You were on level 11 of the Dungeon.
You worshipped Okawaru.
Okawaru was extremely pleased with you.
You were hungry.

You visited 1 branch of the dungeon, and saw 11 of its levels.

You collected 782 gold pieces.

Inventory:

Hand Weapons
 o - a +1 short sword of flaming
 u - the +9 great sword "Beetlebane" (weapon) {vamp, rN+ Dex+7 Stlth-}
   (You found it on level 9 of the Dungeon)

   It inflicts no extra harm, but heals its wielder when it wounds a living foe.
   It affects your dexterity (+7).
   It protects you from negative energy.
   It makes you less stealthy.
 y - a +2 short sword of electrocution
 z - a +0 great sword
 E - a +2 great sword of freezing
Missiles
 j - 45 poisoned darts (quivered)
Armour
 q - a +0 pair of gloves (worn)
 t - the +0 ring mail of Vamod (worn) {rElec rF++ rC- Regen+}
   (You found it on level 5 of the Dungeon)

   It greatly protects you from fire.
   It makes you vulnerable to cold.
   It insulates you from electricity.
   It increases your rate of regeneration.
 F - a +0 large shield
 G - a +2 cloak (worn)
Jewellery
 l - a +5 ring of strength (left hand)
 D - an uncursed ring of positive energy
 I - a ring of fire (right hand)
 J - a +2 amulet of reflection (around neck)
Wands
 c - a wand of polymorph (5)
 k - a wand of flame (14)
 m - a wand of iceblast (10)
 A - a wand of digging (3)
 H - a wand of clouds (6)
 K - a wand of random effects (21)
Scrolls
 e - a scroll of identify
 g - 3 scrolls of immolation {unknown}
 h - 2 scrolls of fear {unknown}
 i - 2 scrolls of blinking {unknown}
 n - 2 scrolls of teleportation {unknown}
 p - 5 scrolls of remove curse
 v - 2 scrolls of fog {unknown}
 x - a scroll of amnesia {unknown}
 B - 2 scrolls of enchant weapon {unknown}
 C - a scroll of random uselessness {unknown}
Potions
 a - 2 potions of magic {unknown}
 b - 2 potions of heal wounds {unknown}
 d - a potion of ambrosia {unknown}
 r - a potion of flight
 s - 3 potions of curing
 w - 2 potions of brilliance
Comestibles
 f - 19 rations


   Skills:
 + Level 8.5 Fighting
 - Level 6.7(10.8) Short Blades
 * Level 14.0(14.6) Long Blades
 * Level 8.9 Armour
 * Level 8.4 Dodging
 - Level 8.7 Shields


You had 10 spell levels left.
You didn't know any spells.
Your spell library was empty.

Dungeon Overview and Level Annotations

Branches:
Dungeon (11/15)            Temple (0/1) D:6            Lair (0/6) D:8
    Orc (0/2) D:9

Altars:
Ashenzari
Cheibriados
Dithmenos
Fedhas
Gozag
Hepliaklqana
Kikubaaqudgha
Okawaru
Ru
Yredelemnul
The Shining One

Shops:
D:6 (


Innate Abilities, Weirdness & Mutations

You reflexively headbutt those who attack you in melee.
You have a pair of horns on your head.


Message History

The two-headed ogre is severely wounded.
Something hits you but does no damage. The two-headed ogre closely misses you.
The two-headed ogre hits you with a cursed +0 giant spiked club!!
You slash the two-headed ogre!
You feel better.
The two-headed ogre is almost dead.
The two-headed ogre hits you with a +1 dire flail of crushing!
* * * LOW HITPOINT WARNING * * *
x2 The two-headed ogre misses you.
Something barely misses you. Something hits you but does no damage.
You hear the steady crackling of a melting archway nearby.
Something closely misses you. Something hits you!
* * * LOW HITPOINT WARNING * * *
Something hits you but does no damage.
You miss something. Something hits you.
* * * LOW HITPOINT WARNING * * *
A komodo dragon comes into view.
Unknown command.
Something hits you!
You die...

#.#
#.............##
#.#
##..(######.#####
#.# #.l. ...# #.#
#.. .....
#.####.# #.##.##
#...##.# #. #.#
###.##.# # #.#
#)##.# . #[##@# .
#.##.# . #.##.#
#.##O#####
##.##.....#
#()(.(..#.#
#....).......#
#.##..####.#....
#. #..# ...#..


You could see a two-headed ogre and a komodo dragon.

Vanquished Creatures
  Harold (D:10)
  2 unseen horrors (D:11)
  2 ugly things
  2 cyclopes (D:11)
  Maurice (D:8)
  5 trolls
  A slime creature (D:7)
  3 hippogriffs
  A wyvern (D:10)
  4 hogs (D:10)
  A human (D:10)
  A vampire mosquito (D:7)
  Menkaure (D:7)
  A hungry ghost (D:6)
  A soldier ant (D:10)
  A water moccasin (D:10)
  10 ice beasts
  2 sky beasts
  3 phantoms
  2 necrophages
  7 orc warriors
  15 ogres
  5 big kobolds
  5 bullfrogs
  7 scorpions
  4 killer bees
  5 wights
  5 howler monkeys
  5 electric eels (D:10)
  3 crimson imps
  A centaur zombie (D:8)
  4 hounds
  9 orc priests
  2 jellies
  16 orc wizards
  4 centaur skeletons
  3 bullfrog skeletons
  3 iguanas (D:7)
  6 worker ants
  2 hound zombies
  A worker ant zombie (D:10)
  5 gnolls (D:9)
  5 adders
  4 shadow imps
  An adder skeleton (D:4)
  2 worms (D:3)
  3 dart slugs
  8 leopard geckos
  59 orcs
  2 ball pythons
  5 giant cockroaches
  5 goblins
  7 hobgoblins
  16 jackals
  7 quokkas
  8 bats
  5 frilled lizards
  A jackal skeleton (D:7)
  12 kobolds
  A quokka skeleton (D:7)
  7 rats
320 creatures vanquished.

Notes
Turn   | Place    | Note
-------+----------+-------------------------------------------
     0 | D:1      | GodTekkless the Minotaur Fighter began the quest for the
                  | Orb.
     0 | D:1      | Reached XP level 1. HP: 19/19 MP: 0/0
   346 | D:1      | Reached XP level 2. HP: 25/27 MP: 1/1
   441 | D:1      | Reached skill level 3 in Long Blades
   775 | D:2      | Reached XP level 3. HP: 33/33 MP: 2/2
  1327 | D:3      | Reached skill level 1 in Dodging
  1419 | D:3      | Reached XP level 4. HP: 29/40 MP: 3/3
  1438 | D:3      | Reached skill level 4 in Long Blades
  1989 | D:4      | Reached XP level 5. HP: 40/46 MP: 4/4
  2113 | D:4      | Found a blossoming altar of Fedhas.
  2126 | D:4      | Reached skill level 5 in Long Blades
  2135 | D:4      | Found a shattered altar of Ashenzari.
  2368 | D:5      | Entered Level 5 of the Dungeon
  2460 | D:5      | Got a turquoise-studded ring mail
  2466 | D:5      | Identified the +0 ring mail of Vamod {rElec rF++ rC-
                  | Regen+} (You found it on level 5 of the Dungeon)
  2578 | D:5      | Found an opulent altar of Gozag.
  2679 | D:5      | Reached XP level 6. HP: 41/52 MP: 5/5
  3025 | D:5      | Reached skill level 6 in Long Blades
  3253 | D:6      | Reached XP level 7. HP: 51/60 MP: 6/6
  3295 | D:6      | Reached skill level 5 in Armour
  3446 | D:6      | Found a staircase to the Ecumenical Temple.
  3588 | D:6      | Reached skill level 7 in Long Blades
  3714 | D:6      | Found Daraocz Foph's Weapon Shoppe.
  4024 | D:7      | Reached skill level 5 in Shields
  4381 | D:7      | Found a blossoming altar of Fedhas.
  4381 | D:7      | Found a shadowy altar of Dithmenos.
  4383 | D:7      | Found a shattered altar of Ashenzari.
  4383 | D:7      | Found a hazy altar of Hepliaklqana.
  4401 | D:7      | Noticed a hungry ghost
  4482 | D:6      | Killed a hungry ghost
  4496 | D:6      | Reached skill level 5 in Fighting
  4496 | D:6      | Reached XP level 8. HP: 67/67 MP: 7/7
  4556 | D:7      | Noticed a slime creature
  4565 | D:7      | Killed a slime creature
  4565 | D:7      | Reached skill level 1 in Short Blades
  4565 | D:7      | Reached skill level 8 in Long Blades
  4697 | D:7      | Noticed a troll
  4715 | D:7      | Killed a troll
  4715 | D:7      | Reached skill level 5 in Dodging
  4733 | D:7      | Reached XP level 9. HP: 51/73 MP: 8/8
  4864 | D:7      | Reached skill level 9 in Long Blades
  5854 | D:7      | Identified the cursed +1 arbalest of Righteous Anger
                  | {flame, rPois MR- Str+5}
  5998 | D:7      | Found a snail-covered altar of Cheibriados.
  5999 | D:7      | Found an ancient bone altar of Kikubaaqudgha.
  6074 | D:7      | Noticed Menkaure
  6078 | D:7      | Killed Menkaure
  6078 | D:7      | Reached skill level 5 in Short Blades
  6385 | D:8      | Found a staircase to the Lair.
  6407 | D:8      | Found a glowing golden altar of the Shining One.
  6439 | D:8      | Found a basalt altar of Yredelemnul.
  6441 | D:8      | Noticed a profane servitor
  6610 | D:8      | Found a sacrificial altar of Ru.
  6729 | D:8      | Noticed Maurice
  6736 | D:8      | Killed Maurice
  6736 | D:8      | Reached XP level 10. HP: 84/84 MP: 9/9
  6833 | D:8      | Found an iron altar of Okawaru.
  6944 | D:8      | Became a worshipper of Warmaster Okawaru
  7047 | D:8      | Found a hazy altar of Hepliaklqana.
  7364 | D:9      | Noticed a brown ugly thing
  7377 | D:9      | Killed a brown ugly thing
  7413 | D:9      | Reached skill level 10 in Long Blades
  7477 | D:9      | Got a smoking great sword
  7478 | D:9      | Identified the +9 great sword "Beetlebane" {vamp, rN+ Dex+7
                  | Stlth-} (You found it on level 9 of the Dungeon)
  7570 | D:9      | Reached * piety under Okawaru
  7687 | D:9      | Found a staircase to the Orcish Mines.
  7709 | D:9      | Reached ** piety under Okawaru
  7725 | D:9      | Reached skill level 11 in Long Blades
  7803 | D:10     | Entered Level 10 of the Dungeon
  7838 | D:10     | Reached *** piety under Okawaru
  7905 | D:10     | Reached XP level 11. HP: 56/92 MP: 10/10
  8074 | D:10     | Noticed Harold
  8080 | D:10     | Killed Harold
  8080 | D:10     | Reached skill level 12 in Long Blades
  8363 | D:10     | Reached **** piety under Okawaru
  8884 | D:11     | Noticed a white ugly thing
  8893 | D:11     | Killed a white ugly thing
  8947 | D:11     | Reached skill level 13 in Long Blades
  9034 | D:11     | Reached ***** piety under Okawaru
  9146 | D:11     | Killed an unseen horror
  9213 | D:11     | Killed an unseen horror
  9269 | D:11     | Received a gift from Okawaru
  9276 | D:11     | Noticed a two-headed ogre
  9284 | D:11     | Reached skill level 14 in Long Blades
  9294 | D:11     | Slain by an unseen horror

Levels and vault maps discovered:
D:1:      psy_arrival_fountain, layout_basic
D:2:      layout_basic
D:3:      layout_basic, minmay_close_crescents
D:4:      layout_basic, cheibrodos_ashenzari_chains, lemuel_round_altar,
          first_ration
D:5:      layout_basic, nicolae_gozag_cash_rules_everything_around_me,
          grunt_tough_drop
D:6:      layout_basic, temple_pool_b, serial_shops, kennysheep_little_box,
          solitary_fountain, roderic_lattice_a
D:7:      minmay_the_grid_octo_tiled_octocenter [minmay_the_grid_octo_pinwheel,
          minmay_the_grid_octo_shrine, minmay_the_grid_octo_concentric,
          minmay_the_grid_octo_horde, minmay_the_grid_octo_prize_big_c,
          minmay_the_grid_square_5x5_pentomino_r,
          minmay_the_grid_square_5x5_meh, minmay_the_grid_square_5x5_v,
          minmay_the_grid_square_5x5_checkered_sparse], layout_basic,
          gammafunk_temple_overflow_pools, uniq_menkaure
D:8:      layout_loops_cross, grunt_temple_overflow_holy_war,
          nicolae_ru_awakened_eye, kennysheep_mini, lemuel_round_altar,
          uniq_maurice
D:9:      layout_roguey, kennysheep_orc_monster_closet_entryway
D:10:     layout_basic, grunt_livestock, kennysheep_boxes, uniq_harold
D:11:     layout_loops_ring, portal_ice_cave_entry_ice_beasts

Skill      XL: |  1  2  3  4  5  6  7  8  9 10 11 |
---------------+----------------------------------+-----
Long Blades    | 3 4 5 6 7 8 9 11 14 | 14.0
Fighting       | 4 5 6 7 8 |  8.5
Armour         | 4 5 6 7 8 |  8.9
Dodging        | 1 2 3 5 6 7 8 |  8.4
Shields        | 4 5 6 8 |  8.7
Short Blades   | 2 5 6 |  6.7

Action                   |  1- 3 |  4- 6 |  7- 9 | 10-12 || total
-------------------------+-------+-------+-------+-------++-------
Melee: Long sword        |   116 |   128 |    60 |       ||   304
       Headbutt          |    18 |    27 |    69 |    75 ||   189
       Short sword       |       |       |   248 |    68 ||   316
       Unarmed           |       |       |     4 |     1 ||     5
       Great sword       |       |       |       |   207 ||   207
Throw: Dart              |       |     4 |    12 |    30 ||    46
Evoke: Wand              |       |     1 |       |     1 ||     2
  Use: Scroll            |     3 |     2 |       |     8 ||    13
       Potion            |       |       |     8 |     1 ||     9
 Stab: Confused          |       |       |     1 |       ||     1
  Eat: Chunk             |     2 |     2 |     7 |     8 ||    19
       Ration            |       |     1 |     2 |       ||     3
Armor: Scale mail        |    34 |       |       |       ||    34
       Plate armour      |    45 |    45 |       |       ||    90
       Ring mail         |       |    17 |    41 |    84 ||   142
       Skin              |       |       |     1 |       ||     1
Dodge: Dodged            |    34 |    26 |    88 |   171 ||   319
Block: Shield            |    69 |    66 |   150 |       ||   285
       Large shield      |       |       |       |    42 ||    42
       Rpst.: Long sword |     4 |     5 |     9 |       ||    18
       Great sword       |       |       |       |    38 ||    38

Table legend:
 A = Non-vault XP
 B = Vault XP
 C = Vault XP percentage of total XP
 D = Non-vault monster count
 E = Vault monster count
 F = Vault count percentage of total count
                 A         B        C        D         E       F
            +---------+---------+-------+---------+---------+-------
      Total |   12243 |    7757 |  38.8 |     247 |      73 |  22.8
            +---------+---------+-------+---------+---------+-------
        D:1 |      28 |       0 |   0.0 |      16 |       0 |   0.0
        D:2 |      25 |       0 |   0.0 |      16 |       0 |   0.0
        D:3 |      69 |      12 |  14.8 |      26 |       6 |  18.8
        D:4 |     156 |       0 |   0.0 |       7 |       0 |   0.0
        D:5 |     212 |     111 |  34.4 |      14 |       4 |  22.2
        D:6 |     408 |     290 |  41.5 |      17 |       2 |  10.5
        D:7 |    1370 |    2315 |  62.8 |      37 |      26 |  41.3
        D:8 |     592 |     472 |  44.4 |      13 |       1 |   7.1
        D:9 |    1994 |    1569 |  44.0 |      34 |      20 |  37.0
       D:10 |    2822 |    1972 |  41.1 |      36 |       6 |  14.3
       D:11 |    4567 |    1016 |  18.2 |      31 |       8 |  20.5
            +---------+---------+-------+---------+---------+-------
